 Dungeon Crawl Stone Soup version 0.26-a0-962-g9b92081034 (webtiles) character file.

Game seed: 5782130654787200620

19593 Dracia the Grappler (level 12, -17/117 HPs)
             Began as a Demonspawn Warper on Dec 2, 2020.
             Was a High Priest of Makhleb.
             Demolished by a dire elephant (31 damage)
             ... on level 2 of the Lair of Beasts.
             The game lasted 00:40:55 (17177 turns).

Dracia the Grappler (Demonspawn Warper)            Turns: 17177, Time: 00:40:56

Health: -17/117    AC: 16    Str: 18    XL:     12   Next: 37%
Magic:  19/19      EV: 17    Int: 14    God:    Makhleb [*****.]
Gold:   819        SH:  0    Dex: 18    Spells: 2/15 levels left

rFire    . . .     SeeInvis .     - Unarmed
rCold    . . .     Faith    .   (no shield)
rNeg     . . .     Spirit   .   u - +2 swamp dragon scales
rPois    +         Reflect  .   j - +0 helmet
rElec    .         Harm     .   F - scarf {repulsion}
rCorr    .         Rampage  .   (no gloves)
MR       +....                  (no boots)
Stlth    ..........             (no amulet)
HPRegen  0.29/turn              k - ring of protection from magic
MPRegen  0.16/turn              n - +6 ring of dexterity

@: berserking, repel missiles, very quick
A: claws 2, iridescent scales 3, spiny 1, rot immunity
a: Minor Destruction, Lesser Servant of Makhleb, Major Destruction, Greater
Servant of Makhleb, Renounce Religion


You were on level 2 of the Lair of Beasts.
You worshipped Makhleb.
Makhleb was extremely pleased with you.
You visited 3 branches of the dungeon, and saw 14 of its levels.

You collected 819 gold pieces.


Innate Abilities, Weirdness & Mutations

You have very sharp fingernails.
You are completely covered in iridescent scales. (AC +6)
You are partially covered in sharp spines.
You are immune to rotting.


   Skills:
 - Level 2.0 Fighting
 - Level 2.3 Polearms
 - Level 0.8 Throwing
 - Level 0.8 Armour
 + Level 9.3 Dodging
 - Level 11.0 Unarmed Combat
 - Level 2.0 Spellcasting
 - Level 8.2 Translocations
 - Level 7.0 Transmutations
 - Level 10.0 Invocations


You had 2 spell levels left.
You knew the following spells:

 Your Spells              Type           Power        Failure   Level
a - Blink                 Tloc           N/A          2%          2
b - Gell's Gravitas       Tloc           ###.......   4%          3
c - Lesser Beckoning      Tloc           ###.......   4%          3
d - Teleport Other        Tloc           ###.....     4%          3
e - Wereblood             Tmut           ###.....     3%          2

Your spell library contained the following spells:

 Spells                   Type           Power        Failure   Level
 Call Imp                 Summ           #.......     54%         2
 Passage of Golubria      Tloc           N/A          14%         4
 Ignite Poison            Fire/Tmut/Pois #.......     45%         3
 Blade Hands              Tmut           ###.......   54%         5
 Petrify                  Tmut/Erth      ##......     69%         4
 Confusing Touch          Hex            #.......     77%         3
 Yara's Violent Unravell  Hex/Tmut       ##........   95%         5
 Metabolic Englaciation   Hex/Ice        #.........   100%        5
 Malign Gateway           Summ/Tloc      ##........   100%        7

Inventory:

Hand Weapons
 a - a +0 spear
Missiles
 c - 4 throwing nets {=f}
 e - 10 boomerangs of dispersal {=f}
 s - 11 boomerangs
 z - 35 poisoned darts (quivered)
Armour
 h - a scarf of harm
 j - a +0 helmet (worn)
 u - +2 swamp dragon scales (worn)
 F - a scarf of repulsion (worn)
Magical Staves
 o - an uncursed staff of earth {!a, unknown}
Jewellery
 k - a ring of protection from magic (left claw)
 m - an uncursed amulet of reflection
 n - a +6 ring of dexterity (right claw)
 v - an uncursed ring of wizardry
 x - an uncursed ring of magical power
 G - an uncursed amulet of guardian spirit
 I - an uncursed ring of wizardry
 P - an uncursed ring of resist corrosion
Wands
 t - a wand of digging (4)
 D - a wand of paralysis (7)
 K - a wand of enslavement (12)
 L - a wand of polymorph (9)
Scrolls
 d - a scroll of blinking
 f - 7 scrolls of remove curse {@r2}
 g - 4 scrolls of fear
 q - 8 scrolls of identify {@r1}
 y - 2 scrolls of teleportation {@r4}
 B - 3 scrolls of enchant weapon
 N - 3 scrolls of magic mapping
Potions
 b - a potion of haste {@q3}
 i - a potion of invisibility
 l - 5 potions of curing {@q1}
 p - a potion of resistance
 r - 2 potions of might
 w - 2 potions of brilliance
 M - a potion of flight
Miscellaneous
 C - a phial of floods

Dungeon Overview and Level Annotations

Branches:
Dungeon (10/15)            Temple (1/1) D:4            Lair (3/6) D:10
 Spider (0/4) Lair:3          Orc (0/2) D:9
  Swamp: Lair:2-4    Shoals: Lair:2-4

Altars:
Ashenzari
Cheibriados
Dithmenos
Elyvilon
Fedhas
Gozag
Hepliaklqana
Kikubaaqudgha
Makhleb
Nemelex Xobeh
Okawaru
Qazlal
Ru
Sif Muna
Trog
Uskayaw
Vehumet
Wu Jian
Xom
Yredelemnul
Zin
The Shining One
Beogh

Shops:
D:10 (

Annotations:
D:8 3 runed translucent doors, thewurscht's ghost, novice GrFi

♣...P ♣♣.............##
♣♣P..P♣♣♣♣♣♣......P#......###
........................P#.#.
........................####.
........................##...
.......................P.....
.#..........#..####.........#
#.......†(Y#### #P........#
...........#@# ##.......#.
...........#.# ..........
.............# .#.......
............## #.......
P.........## ###.....
........### ##..#. .....#.##
#...# .# ####


You could see a dire elephant.


Message History

The dire elephant closely misses you.
The dire elephant trunk-slaps you but does no damage.
You scratch the dire elephant.
The dire elephant is moderately wounded.
The spriggan throws a stone.
The stone closely misses you. The dire elephant tramples you!!
* * * LOW HITPOINT WARNING * * *
You hold your ground!
The dire elephant misses you.
You are too injured to fight recklessly!
You are too injured to fight recklessly!
Unknown command.
The spriggan throws a stone.
The stone completely misses you.
You see here a stone.
Okay, then.
Really quaff
J - a potion of berserk rage {!q}?
Uppercase [Y]es or [N]o only, please.
Really quaff
J - a potion of berserk rage {!q}?
A red film seems to cover your vision as you go berserk!
You feel yourself moving faster!
You feel mighty! The dire elephant tramples you!
* * * LOW HITPOINT WARNING * * *
You hold your ground!
The dire elephant closely misses you.
Unknown command.
Unknown command.
You scratch the dire elephant.
The dire elephant is moderately wounded.
You scratch the dire elephant.
The dire elephant is moderately wounded.
The dire elephant tramples you!!
You die...

Skill      XL: |  1  2  3  4  5  6  7  8  9 10 11 12 |
---------------+-------------------------------------+-----
Polearms       | 2 |  2.3
Translocations | 3 4 5 6 7 8 |  8.2
Unarmed Combat | 1 2 3 4 5 6 8 10 11 | 11.0
Invocations    | 2 6 7 10 | 10.0
Dodging        | 4 7 9 |  9.3
Transmutations | 3 6 7 |  7.0
Fighting       | |  2.0
Throwing       | |  0.8
Armour         | |  0.8
Spellcasting   | |  2.0

Action                   |  1- 3 |  4- 6 |  7- 9 | 10-12 || total
-------------------------+-------+-------+-------+-------++-------
Melee: Spear             |    40 |       |       |       ||    40
       Unarmed           |   103 |    97 |   264 |   586 ||  1050
       Punch             |       |     3 |     8 |    38 ||    49
Throw: Dart              |       |       |    22 |    13 ||    35
 Cast: Blink             |       |       |    12 |     4 ||    16
       Gell's Gravitas   |       |       |     1 |     1 ||     2
       Wereblood         |       |       |       |     5 ||     5
       Teleport Other    |       |       |       |     1 ||     1
Invok: Minor Destruction |       |       |       |     4 ||     4
       Major Destruction |       |       |       |     4 ||     4
       Lesser Servant of |       |       |       |     1 ||     1
  Use: Potion            |     1 |       |    11 |     4 ||    16
       Scroll            |       |       |    11 |    10 ||    21
 Stab: Sleeping          |     1 |       |       |       ||     1
       Invisible         |       |       |     1 |       ||     1
Armor: Leather armour    |    32 |     5 |       |       ||    37
       Scale mail        |       |    15 |    41 |       ||    56
       Swamp dragon scal |       |       |    42 |   199 ||   241
Dodge: Dodged            |    72 |    56 |    93 |   309 ||   530
       Repelled          |       |       |       |     1 ||     1
Block: Other             |       |       |    22 |       ||    22
       Reflection        |       |       |     3 |       ||     3

Levels and vault maps discovered:
D:1:      scummos_arrival_checkerplants, layout_loops_cross
D:2:      layout_basic, lemuel_doored_altar, uniq_robin
D:3:      layout_basic, chequers_ecumenical_altar_twisty, uniq_terence
D:4:      layout_loops_ring, temple_hall, uniq_crazy_yiuf_cottage
D:5:      layout_loops_ring
D:6:      layout_cave_pools, gammafunk_temple_overflow_statue, uniq_maggie
D:7:      minmay_the_grid_octo_tiled_octocenter [minmay_the_grid_octo_toaster,
          minmay_the_grid_octo_fat_diamond, minmay_the_grid_octo_chip,
          minmay_the_grid_octo_shrine,
          minmay_the_grid_octo_prize_ultimate_mussel_roller,
          minmay_the_grid_square_5x5_tetrominoes,
          minmay_the_grid_square_5x5_spiral,
          minmay_the_grid_square_5x5_gyroscope,
          minmay_the_grid_square_5x5_sharp_hourglass], layout_cave_pools,
          minmay_small_thing, uniq_harold
D:8:      layout_basic, cheibriados_altar_2, serial_rivers,
          chequers_serial_rivers_room_a, chequers_serial_rivers_large_b,
          chequers_serial_rivers_room_a, chequers_serial_rivers_micro_c,
          chequers_serial_rivers_marsh, biasface_ghost_orc_armoury, hex_medium,
          chequers_serial_rivers_marsh
D:9:      layout_irregular_city, nicolae_tso_swordbearing_angel,
          overflow_temple_1_default, zombieorc2_lemuel, uniq_erica
D:10:     layout_basic, minmay_lair_entry_grove, serial_shops,
          nicolae_shop_behind_doors
Temple:   regret_index_temple_sphere_string
Lair:1:   layout_loops_ring
Lair:2:   mu_elephants_graveyard, layout_layer_cave
Lair:3:   layout_loops_ring, elwin_shoals_entry_stream,
          nicolae_spider_entry_non_spiders, ebering_ghost_funeral_grove

Notes
Turn   | Place    | Note
-------+----------+-------------------------------------------
     0 | D:1      | Dracia the Demonspawn Warper began the quest for the Orb.
     0 | D:1      | Reached XP level 1. HP: 16/16 MP: 3/3
   108 | D:1      | Reached skill level 2 in Polearms
   434 | D:1      | Gained mutation: You have sharp fingernails. [demonic
                  | ancestry]
   434 | D:1      | Reached XP level 2. HP: 20/22 MP: 5/5
   738 | D:1      | Reached skill level 3 in Translocations
   865 | D:1      | Reached skill level 1 in Unarmed Combat
  1089 | D:2      | Found an ornate altar of the Wu Jian Council.
  1114 | D:2      | Gained mutation: You have very sharp fingernails. [demonic
                  | ancestry]
  1114 | D:2      | Reached XP level 3. HP: 15/27 MP: 6/6
  1312 | D:2      | Learned a level 2 spell: Blink
  1573 | D:2      | Noticed a bullfrog
  1591 | D:2      | Killed a bullfrog
  1592 | D:2      | Reached skill level 2 in Unarmed Combat
  1592 | D:2      | Gained mutation: You are partially covered in sharp spines.
                  | [demonic ancestry]
  1592 | D:2      | Reached XP level 4. HP: 10/33 MP: 7/7
  1816 | D:2      | Noticed Robin
  1970 | D:2      | Killed Robin
  1973 | D:2      | Reached skill level 3 in Unarmed Combat
  2149 | D:2      | Learned a level 3 spell: Gell's Gravitas
  2289 | D:2      | Reached XP level 5. HP: 34/38 MP: 8/8
  3099 | D:3      | Noticed Terence
  3099 | D:3      | You fall into a shaft and drop 1 floor!
  3224 | D:4      | Reached skill level 4 in Translocations
  3361 | D:4      | Noticed a phantom
  3393 | D:4      | Killed a phantom
  3394 | D:4      | Reached skill level 4 in Unarmed Combat
  3394 | D:4      | Gained mutation: You are partially covered in iridescent
                  | scales. (AC +2) [demonic ancestry]
  3394 | D:4      | Reached XP level 6. HP: 32/44 MP: 9/9
  3820 | D:3      | Killed Terence
  3827 | D:3      | Reached skill level 5 in Unarmed Combat
  3992 | D:3      | Reached XP level 7. HP: 50/50 MP: 10/10
  4269 | D:3      | Found a faded altar of an unknown god.
  5118 | D:4      | Found a runed translucent door.
  5119 | D:4      | Noticed Crazy Yiuf
  5127 | D:4      | Killed Crazy Yiuf
  5337 | D:4      | Found a staircase to the Ecumenical Temple.
  5456 | D:4      | Reached skill level 5 in Translocations
  5552 | D:4      | Learned a level 3 spell: Lesser Beckoning
  5608 | D:5      | Entered Level 5 of the Dungeon
  5662 | Temple   | Entered the Ecumenical Temple
  5830 | Temple   | Became a worshipper of Makhleb the Destroyer
  6102 | D:5      | Reached skill level 6 in Unarmed Combat
  6202 | D:5      | Identified a potion of resistance
  6658 | D:5      | Reached XP level 8. HP: 56/56 MP: 11/11
  6679 | D:5      | You fall into a shaft and drop 1 floor!
  7070 | D:6      | Reached skill level 7 in Unarmed Combat
  7072 | D:6      | Noticed Maggie
  7451 | D:5      | Reached skill level 6 in Translocations
  7471 | D:6      | Killed Maggie
  7693 | D:5      | Learned a level 3 spell: Teleport Other
  7904 | D:6      | Reached skill level 8 in Unarmed Combat
  8053 | D:6      | Reached skill level 1 in Invocations
  8057 | D:6      | Reached skill level 2 in Invocations
  8125 | D:6      | Found a stormy altar of Qazlal.
  8128 | D:6      | Found a hazy altar of Hepliaklqana.
  8176 | D:6      | Gained mutation: You are mostly covered in iridescent
                  | scales. (AC +4) [demonic ancestry]
  8176 | D:6      | Reached XP level 9. HP: 61/61 MP: 6/12
  8448 | D:7      | Reached * piety under Makhleb
  8449 | D:7      | Reached skill level 3 in Invocations
  9003 | D:7      | Reached skill level 7 in Translocations
  9062 | D:7      | Identified the +5 mace "Roeluq" {flame, rPois}
  9121 | D:7      | Found a shimmering blue altar of Sif Muna.
  9122 | D:7      | Found a glowing silver altar of Zin.
  9122 | D:7      | Found a hide-covered altar of Uskayaw.
  9122 | D:7      | Found a sacrificial altar of Ru.
  9130 | D:7      | Reached skill level 9 in Unarmed Combat
  9130 | D:7      | Reached skill level 4 in Invocations
  9500 | D:7      | Reached skill level 5 in Invocations
  9512 | D:7      | Noticed a troll
  9512 | D:7      | Noticed a komodo dragon
  9531 | D:7      | Killed a troll
  9544 | D:7      | Killed a komodo dragon
  9584 | D:7      | HP: 6/61 [poisoned by a soldier ant]
  9872 | D:7      | Identified the Compendium of Creative Changing
  9911 | D:7      | Reached skill level 10 in Unarmed Combat
  9940 | D:7      | Noticed Harold
  9949 | D:7      | Reached skill level 6 in Invocations
  9949 | D:7      | Gained mutation: You are immune to rotting. [demonic
                  | ancestry]
  9949 | D:7      | Reached XP level 10. HP: 43/67 MP: 7/14
 10248 | D:7      | Killed Harold
 10249 | D:7      | Reached skill level 8 in Translocations
 10542 | D:8      | Reached ** piety under Makhleb
 10558 | D:8      | Noticed a torpor snail
 10561 | D:8      | Found a snail-covered altar of Cheibriados.
 10561 | D:8      | Noticed a torpor snail
 10561 | D:8      | Noticed a torpor snail
 10747 | D:8      | Found a runed translucent gate.
 10747 | D:8      | Noticed thewurscht's ghost (novice GrFi)
 10748 | D:8      | Found a runed translucent gate.
 10749 | D:8      | Found a runed translucent gate.
 10751 | D:8      | Found a roughly hewn altar of Beogh.
 10753 | D:8      | Identified the +6 trident "Wuibuw" {venom, *Corrode +Fly
                  | rN+++}
 10753 | D:8      | Identified the +3 chain mail "Notauwil" {*Slow Regen+
                  | Str+4}
 10781 | D:8      | Reached skill level 7 in Invocations
 11142 | D:8      | Learned a level 2 spell: Wereblood
 11417 | D:9      | Noticed Erica
 11426 | D:9      | Killed Erica
 11427 | D:9      | Reached skill level 2 in Dodging
 11427 | D:9      | Reached skill level 1 in Transmutations
 11486 | D:9      | Noticed a two-headed ogre
 11526 | D:9      | Killed a two-headed ogre
 11527 | D:9      | Reached skill level 3 in Dodging
 11527 | D:9      | Reached skill level 11 in Unarmed Combat
 11527 | D:9      | Reached skill level 2 in Transmutations
 11775 | D:9      | Reached skill level 3 in Transmutations
 11889 | D:9      | Found a hide-covered altar of Uskayaw.
 12101 | D:9      | Reached *** piety under Makhleb
 12120 | D:9      | Found a staircase to the Orcish Mines.
 12135 | D:9      | Reached skill level 4 in Dodging
 12299 | D:9      | Reached XP level 11. HP: 51/72 MP: 10/16
 12461 | D:9      | Reached skill level 4 in Transmutations
 12727 | D:9      | Found a glowing golden altar of the Shining One.
 12915 | D:9      | Reached **** piety under Makhleb
 12974 | D:10     | Entered Level 10 of the Dungeon
 13096 | D:10     | Reached skill level 5 in Dodging
 13125 | D:10     | Found a staircase to the Lair.
 13509 | D:10     | Reached skill level 8 in Invocations
 13561 | D:10     | Found Roolef's Antique Weapon Boutique.
 13799 | D:10     | Reached skill level 5 in Transmutations
 14155 | D:10     | Killed an unseen horror
 14404 | Lair:1   | Entered Level 1 of the Lair of Beasts
 14583 | Lair:1   | Reached skill level 6 in Dodging
 14583 | Lair:1   | Reached skill level 9 in Invocations
 14700 | Lair:1   | Reached skill level 6 in Transmutations
 15570 | Lair:2   | Reached skill level 10 in Invocations
 15797 | Lair:2   | Noticed a five-headed hydra
 15808 | Lair:2   | HP: 3/72 [komodo dragon (15)]
 16132 | Lair:1   | Killed a five-headed hydra
 16133 | Lair:1   | Reached skill level 7 in Dodging
 16133 | Lair:1   | Gained mutation: You are completely covered in iridescent
                  | scales. (AC +6) [demonic ancestry]
 16133 | Lair:1   | Reached XP level 12. HP: 16/78 MP: 5/19
 16503 | Lair:2   | Reached skill level 7 in Transmutations
 16544 | Lair:2   | You fall into a shaft and drop 1 floor!
 16554 | Lair:3   | Noticed a boulder beetle
 16569 | Lair:3   | Killed a boulder beetle
 16572 | Lair:3   | Reached skill level 8 in Dodging
 16697 | Lair:3   | Found a hole to the Spider Nest.
 17129 | Lair:2   | Reached skill level 9 in Dodging
 17143 | Lair:2   | Reached ***** piety under Makhleb
 17158 | Lair:2   | Noticed a dire elephant
 17177 | Lair:2   | Demolished by a dire elephant

Vanquished Creatures
  Harold (D:7)
  A boulder beetle (Lair:3)
  A hydra (Lair:1)
  Erica (D:9)
  A two-headed ogre (D:9)
  An unseen horror (D:10)
  5 elephants (Lair:2)
  4 cane toads
  Maggie (D:6)
  4 komodo dragons
  A gargoyle (D:10)
  2 trolls
  A hornet (D:10)
  5 wyverns
  A shadow (D:9)
  12 yaks
  4 basilisks
  A soldier ant (D:7)
  2 two-headed ogre zombies (D:9)
  6 water moccasins
  4 ice beasts
  4 phantoms
  5 orc warriors
  A sky beast (D:7)
  4 ogres
  5 centaurs
  9 wolves
  A big kobold (D:10)
  14 bullfrogs
  7 scorpions
  3 troll zombies (D:9)
  5 wights (D:10)
  A killer bee (D:7)
  6 howler monkeys
  A bullfrog zombie (D:7)
  3 centaur zombies
  3 jellies
  7 orc priests
  6 hounds
  9 orc wizards
  A gnoll shaman (D:4)
  Crazy Yiuf (D:4)
  4 bullfrog skeletons
  A centaur skeleton (D:7)
  Terence (D:3)
  3 iguanas
  7 worker ants
  3 ogre zombies (D:9)
  2 hound skeletons
  A howler monkey zombie (D:5)
  10 gnolls
  A worker ant zombie (D:7)
  Robin (D:2)
  8 adders
  2 shadow imps
  3 white imps
  2 ufetubi
  3 oozes
  3 adder skeletons
  4 worms
  3 leopard geckos
  39 orcs
  2 ball pythons
  5 bats
  7 giant cockroaches
  15 goblins
  12 hobgoblins
  9 jackals
  3 quokkas
  A ball python zombie (D:5)
  4 frilled lizards
  A goblin zombie (D:9)
  2 hobgoblin skeletons (D:9)
  3 hobgoblin zombies (D:9)
  5 kobolds
  A leopard gecko skeleton (D:5)
  2 orc skeletons (D:9)
  17 orc zombies (D:9)
  A quokka skeleton (D:7)
  2 rats (D:3)
348 creatures vanquished.

Vanquished Creatures (collateral kills)
  A komodo dragon (Lair:1)
1 creature vanquished.

Vanquished Creatures (others)
  37 fungi
  26 plants
63 creatures vanquished.

Grand Total: 412 creatures vanquished

Table legend: (Time is in decaauts)
 A = Elapsed time spent in this place.
 B = Non-inter-level travel time spent in this place.
 C = Inter-level travel time spent in this place.
 D = Time resting spent in this place.
 E = Time spent auto-exploring this place.
 F = Levels seen in this place.
 G = Mean time per level.
                   A        B        C        D        E       F      G
               +--------+--------+--------+--------+--------+-----+--------+
         Total |  17067 |  16189 |    878 |   4143 |   9601 |  14 | 1219.1 |
       Dungeon |  14434 |  13651 |    783 |   3162 |   8450 |  10 | 1443.4 |
        Temple |    184 |    135 |     49 |      0 |    134 |   1 |  184.0 |
          Lair |   2448 |   2403 |     45 |    981 |   1017 |   3 |  816.0 |
               +--------+--------+--------+--------+--------+-----+--------+

Top non-repeatable levels by time:
     D:2: 1823 daAuts
     D:7: 1821 daAuts
    D:10: 1667 daAuts
     D:5: 1633 daAuts
     D:9: 1554 daAuts
     D:4: 1532 daAuts
     D:3: 1355 daAuts
  Lair:1: 1246 daAuts
     D:1: 1180 daAuts
     D:6: 954 daAuts
  Lair:2: 921 daAuts
     D:8: 910 daAuts
  Lair:3: 280 daAuts
  Temple: 184 daAuts

Table legend:
 A = Non-vault XP
 B = Vault XP
 C = Vault XP percentage of total XP
 D = Non-vault monster count
 E = Vault monster count
 F = Vault count percentage of total count
                 A         B        C        D         E       F
            +---------+---------+-------+---------+---------+-------
      Total |   16702 |   11288 |  40.3 |     249 |     100 |  28.7
            +---------+---------+-------+---------+---------+-------
        D:1 |      33 |       4 |  10.8 |      17 |       2 |  10.5
        D:2 |     179 |      32 |  15.2 |      18 |      10 |  35.7
        D:3 |     146 |      38 |  20.7 |      19 |       1 |   5.0
        D:4 |     508 |      40 |   7.3 |      18 |       1 |   5.3
        D:5 |     771 |       0 |   0.0 |      21 |       0 |   0.0
        D:6 |     842 |     398 |  32.1 |      15 |       2 |  11.8
        D:7 |     761 |    2999 |  79.8 |      24 |      21 |  46.7
        D:8 |    1046 |       0 |   0.0 |      31 |       0 |   0.0
        D:9 |    2015 |    1983 |  49.6 |      24 |      37 |  60.7
       D:10 |    2217 |    2128 |  49.0 |      26 |      13 |  33.3
     Lair:1 |    4911 |       0 |   0.0 |      19 |       0 |   0.0
     Lair:2 |    2788 |    2466 |  46.9 |      15 |       5 |  25.0
     Lair:3 |     485 |    1200 |  71.2 |       2 |       8 |  80.0
            +---------+---------+-------+---------+---------+-------
